 Dungeon Crawl Stone Soup version 0.31-a0-1529-g7bd419a0e5 (webtiles) character file.

Game seed: 16189530561282220842

130 graki42 the Magician (level 5, -3/37 HPs)
             Began as a Gnoll Hedge Wizard on Dec 31, 2023.
             Blown up by Ijyb (13 damage)
             ... with a mindburst bolt
             ... on level 3 of the Dungeon.
             The game lasted 00:08:16 (2321 turns).

graki42 the Magician (Gnoll Hedge Wizard)           Turns: 2321, Time: 00:08:17

Health: -3/37      AC:  4    Str:  9    XL:     5   Next: 14%
Magic:  14/14      EV: 18    Int: 16    God:
Gold:   96         SH:  0    Dex: 11    Spells: 12/18 levels left

rFire   . . .        s - +0 trident (vamp)
rCold   + . .        (no shield)
rNeg    . . .        f - +2 robe {rC+}
rPois   .            c - +0 hat
rElec   .            (no cloak)
rCorr   .            (no gloves)
SInv    .            (no boots)
Will    .....        (no amulet)
Stlth   ++           q - +5 ring of evasion
HPRegen 0.26/turn    (no ring)
MPRegen 0.14/turn

%: no passive effects
@: no status effects
A: fangs 1, strong nose, distributed training
a: no special abilities


You were on level 3 of the Dungeon.
You visited 1 branch of the dungeon, and saw 3 of its levels.

You collected 96 gold pieces.

Inventory:

Hand Weapons
 s - a +0 vampiric trident (weapon)
Armour
 c - a +0 hat (worn)
 f - a +2 robe of cold resistance (worn)
Jewellery
 q - a +5 ring of evasion (left hand)
Wands
 r - a wand of iceblast (9)
Scrolls
 a - a scroll of enchant armour {unknown}
 e - 4 scrolls of identify {unknown}
 g - a scroll of immolation {unknown}
 h - a scroll of teleportation {unknown}
 i - 4 scrolls of fear {unknown}
 p - 2 scrolls of fog {unknown}
Potions
 b - a potion of ambrosia {unknown}
 d - a potion of magic
 j - a potion of invisibility {unknown}
 k - a potion of brilliance
 l - 2 potions of curing
 m - a potion of haste {unknown}
 n - a potion of attraction {unknown}
 o - 2 potions of heal wounds {unknown}


   Skills:
 + Level 1.4 Fighting
 + Level 1.4 Short Blades
 + Level 1.4 Long Blades
 + Level 1.4 Axes
 + Level 1.4 Maces & Flails
 + Level 1.4 Polearms
 + Level 1.4 Staves
 + Level 1.4 Ranged Weapons
 + Level 1.4 Throwing
 + Level 1.4 Armour
 + Level 4.7 Dodging
 + Level 4.4 Stealth
 + Level 1.4 Shields
 + Level 1.4 Unarmed Combat
 + Level 7.3 Spellcasting
 + Level 2.3 Conjurations
 + Level 1.1 Hexes
 + Level 2.3 Summonings
 + Level 1.1 Necromancy
 + Level 2.3 Translocations
 + Level 1.1 Fire Magic
 + Level 1.1 Ice Magic
 + Level 1.1 Air Magic
 + Level 1.1 Earth Magic
 + Level 1.1 Alchemy
 + Level 1.6 Invocations
 + Level 1.4 Evocations
 + Level 1.3 Shapeshifting


You had 12 spell levels left.
You knew the following spells:

 Your Spells              Type           Power      Damage    Failure   Level
a - Magic Dart            Conj           52%        1d5       4%          1
b - Blink                 Tloc           26%        N/A       7%          2
c - Mephitic Cloud        Conj/Alch/Air  10%        N/A       19%         3

Your spell library contained the following spells:

 Spells                   Type           Power      Damage    Failure   Level
 Call Imp                 Summ           26%        N/A       7%          2
 Slow                     Hex            36%        N/A       8%          1
 Cigotuvi's Dreadful Rot  Necr/Alch/Air  18%        N/A       12%         2


Dungeon Overview and Level Annotations

Branches:
Dungeon (3/15)

Altars:

Annotations:
D:3 Ijyb


Innate Abilities, Weirdness & Mutations

You have very sharp teeth.
Your uncanny sense of smell can sniff out nearby items.
Your experience applies equally to all skills.


Message History

The helpless Ijyb fails to defend herself.
You hit Ijyb but do no damage. You hit Ijyb but do no damage.
Your bite misses Ijyb.
Ijyb zaps a wand.
You barely resist.
Ijyb zaps a wand.
You barely resist. You closely miss Ijyb. Ijyb hits you with a +0 dagger.
You hit Ijyb. You bite Ijyb, but do no damage.
Ijyb is lightly wounded.
Ijyb completely misses you.
You barely miss Ijyb. Your bite misses Ijyb.
Ijyb is lightly wounded.
Ijyb misses you.
You barely miss Ijyb. Your bite misses Ijyb.
Ijyb is lightly wounded.
Ijyb zaps a wand.
Your mind is blasted!
Ijyb barely misses you.
You hit Ijyb but do no damage.
Ijyb is lightly wounded.
Ijyb zaps a wand.
Your mind is blasted!
You are too injured to fight recklessly!
You are too injured to fight recklessly!
You hit Ijyb.
Ijyb is lightly wounded.
Ijyb closely misses you.
You hit Ijyb but do no damage.
Ijyb is lightly wounded.
Ijyb grins evilly.
Ijyb zaps a wand.
Your mind is blasted!
* * * LOW HITPOINT WARNING * * *
You hit Ijyb.
You feel better.
Ijyb is moderately wounded.
Ijyb zaps a wand.
You barely resist. Ijyb closely misses you.
You closely miss Ijyb.
Ijyb is moderately wounded.
Ijyb barely misses you.
You hit Ijyb but do no damage.
Ijyb is moderately wounded.
Ijyb zaps a wand.
You barely resist. You hit Ijyb but do no damage.
Ijyb is moderately wounded.
Ijyb zaps a wand.
Your mind is blasted!
You die...

#.# #.# #....#........# # #.#
#.# ###.##........#######
#.####.####8.8#>........).....
#..............).......#######
######.####8.8#........#
........# ##.########..#
######### #..# #..#
##.#######..# ∆ #@..)......#
#..g....#####.# ∆ ...........#
############


You could see Ijyb.

Vanquished Creatures
  5 adders (D:2)
  2 dart slugs
  6 orcs (D:3)
  2 ball pythons
  7 endoplasms
  2 giant cockroaches
  7 hobgoblins
  13 jackals
  4 kobolds
  4 quokkas
  4 bats
  5 frilled lizards
  4 goblins
  2 rats (D:2)
67 creatures vanquished.

Notes
Turn   | Place    | Note
-------+----------+-------------------------------------------
     0 | D:1      | graki42 the Gnoll Hedge Wizard began the quest for the Orb.
     0 | D:1      | Reached XP level 1. HP: 13/13 MP: 8/8
   208 | D:1      | Reached XP level 2. HP: 18/19 MP: 10/10
   568 | D:1      | Reached XP level 3. HP: 23/25 MP: 11/11
   915 | D:2      | Reached skill level 1 in Invocations
  1071 | D:2      | Reached skill level 1 in Fighting
  1071 | D:2      | Reached skill level 1 in Short Blades
  1071 | D:2      | Reached skill level 1 in Long Blades
  1071 | D:2      | Reached skill level 1 in Axes
  1071 | D:2      | Reached skill level 1 in Maces & Flails
  1071 | D:2      | Reached skill level 1 in Polearms
  1071 | D:2      | Reached skill level 1 in Staves
  1071 | D:2      | Reached skill level 1 in Ranged Weapons
  1071 | D:2      | Reached skill level 1 in Throwing
  1071 | D:2      | Reached skill level 1 in Armour
  1071 | D:2      | Reached skill level 1 in Shields
  1071 | D:2      | Reached skill level 1 in Unarmed Combat
  1071 | D:2      | Reached skill level 1 in Evocations
  1122 | D:2      | Reached skill level 1 in Shapeshifting
  1122 | D:2      | Reached XP level 4. HP: 22/32 MP: 9/13
  1145 | D:2      | Reached skill level 1 in Hexes
  1145 | D:2      | Reached skill level 1 in Necromancy
  1145 | D:2      | Reached skill level 1 in Fire Magic
  1145 | D:2      | Reached skill level 1 in Ice Magic
  1145 | D:2      | Reached skill level 1 in Air Magic
  1145 | D:2      | Reached skill level 1 in Earth Magic
  1145 | D:2      | Reached skill level 1 in Alchemy
  1780 | D:2      | Learned a level 2 spell: Blink
  1784 | D:2      | Learned a level 3 spell: Mephitic Cloud
  1927 | D:3      | Reached XP level 5. HP: 11/37 MP: 3/14
  2307 | D:3      | Noticed Ijyb
  2321 | D:3      | Blown up by Ijyb

Illustrated notes

Levels and vault maps discovered:
D:1:      dpeg_arrival_shelter, layout_loops_ring, st_stairs_6,
          minmay_strange_pillars, chequers_jeans, serial_bayou_pond_e,
          amcnicky_mini_corridor_feature
D:2:      layout_loops_ring
D:3:      layout_loops_ring, small_statue_intersection,
          kennysheep_generic_room_7, uniq_ijyb

Skill      XL: |  1  2  3  4 |
---------------+-------------+-----
Conjurations   | 2 |  2.3
Summonings     | 2 |  2.3
Translocations | 2 |  2.3
Invocations    | 1 |  1.6
Fighting       | 1 |  1.4
Short Blades   | 1 |  1.4
Long Blades    | 1 |  1.4
Axes           | 1 |  1.4
Maces & Flails | 1 |  1.4
Polearms       | 1 |  1.4
Staves         | 1 |  1.4
Ranged Weapons | 1 |  1.4
Throwing       | 1 |  1.4
Armour         | 1 |  1.4
Shields        | 1 |  1.4
Unarmed Combat | 1 |  1.4
Evocations     | 1 |  1.4
Shapeshifting  | 1 |  1.3
Hexes          | 1 |  1.1
Necromancy     | 1 |  1.1
Fire Magic     | 1 |  1.1
Ice Magic      | 1 |  1.1
Air Magic      | 1 |  1.1
Earth Magic    | 1 |  1.1
Alchemy        | 1 |  1.1
Dodging        | |  4.7
Stealth        | |  4.4
Spellcasting   | |  7.3

Action                     |  1- 3 |  4- 6 || total
---------------------------+-------+-------++-------
  Melee: Dagger            |   175 |   102 ||   277
         Bite              |    21 |    17 ||    38
         Punch             |       |     2 ||     2
         Trident           |       |    36 ||    36
   Cast: Magic Dart        |    13 |    26 ||    39
    Use: Potion            |       |     2 ||     2
   Stab: Sleeping          |     8 |     8 ||    16
 Armour: Robe              |    82 |    68 ||   150
  Dodge: Dodged            |   121 |    74 ||   195

Table legend: (Time is in decaauts)
 A = Elapsed time spent in this place.
 B = Non-inter-level travel time spent in this place.
 C = Inter-level travel time spent in this place.
 D = Time resting spent in this place.
 E = Time spent auto-exploring this place.
 F = Levels seen in this place.
 G = Mean time per level.
                   A        B        C        D        E       F      G
               +--------+--------+--------+--------+--------+-----+--------+
         Total |   2316 |   2248 |     68 |    160 |   1478 |   3 |  772.0 |
       Dungeon |   2316 |   2248 |     68 |    160 |   1478 |   3 |  772.0 |
               +--------+--------+--------+--------+--------+-----+--------+

Top non-repeatable levels by time:
     D:2: 915 daAuts
     D:1: 883 daAuts
     D:3: 518 daAuts
